 Dungeon Crawl Stone Soup version 0.28-a0-612-gcfc00ec14d (webtiles) character file.

Game seed: 11771179073192275193

2386 mordus the Covert (level 9, 34/34 HPs)
             Began as a Felid Ice Elementalist on Oct 1, 2021.
             Was an Initiate of Gozag.
             Quit the game on level 10 of the Dungeon on Oct 5, 2021.
             The game lasted 01:32:02 (15458 turns).

mordus the Covert (Felid Ice Elementalist)         Turns: 15458, Time: 01:32:02

Health: 34/34      AC:  6    Str:  4    XL:     9   Next: 22%
Magic:  22/22      EV: 17    Int: 25    God:    Gozag
Gold:   1269       SH:  0    Dex: 18    Spells: 8/25 levels left
                                        Lives:  0   Deaths: 2

rFire   . . .      SeeInvis +   (weapon unavailable)
rCold   . . .      Faith    .   (shield unavailable)
rNeg    . . .      Spirit   .   (armour unavailable)
rPois   .          Reflect  .   (helmet unavailable)
rElec   .          Harm     .   (cloak unavailable)
rCorr   .          Rampage  .   (gloves unavailable)
Will    +....                   (boots unavailable)
Stlth   +++++.....              (no amulet)
HPRegen 0.11/turn               t - +6 ring of intelligence
MPRegen 0.18/turn               k - +4 ring of protection

@: quick
A: very small, claws 1, fangs 3, see invisible, speed 1, shaggy fur 2, stealthy
paws, no weapons or thrown items, no armour, multi-lived
a: Renounce Religion, Potion Petition, Call Merchant, Bribe Branch


You were on level 10 of the Dungeon.
You worshipped Gozag.
Gozag was most pleased with you.
You visited 2 branches of the dungeon, and saw 11 of its levels.
You also visited: Ossuary.

You collected 1361 gold pieces.
You paid 92 gold pieces to Gozag.

Inventory:

Jewellery
 e - a +6 ring of strength
 k - a +4 ring of protection (right paw)
 t - a +6 ring of intelligence (left paw)
 F - a +4 ring of protection
 G - a ring of resist corrosion
 H - a ring of flight
Wands
 j - a wand of flame (20)
 n - a wand of mindburst (11)
 p - a wand of charming (18)
 s - a wand of acid (15)
 D - a wand of iceblast (8)
Scrolls
 f - a scroll of blinking
 h - a scroll of amnesia
 i - 8 scrolls of teleportation
 o - 9 scrolls of identify
 r - a scroll of acquirement {unknown}
 v - a scroll of summoning {unknown}
 x - a scroll of fear
 y - a scroll of magic mapping
 E - 3 scrolls of immolation
Potions
 a - 4 potions of lignification
 b - 4 potions of heal wounds {unknown}
 c - 2 potions of resistance {unknown}
 d - 2 potions of attraction {unknown}
 g - 3 potions of berserk rage {unknown}
 l - a potion of ambrosia {unknown}
 m - a potion of invisibility {unknown}
 q - 3 potions of mutation {unknown}
 u - 3 potions of flight {unknown}
 w - a potion of degeneration {unknown}
 z - a potion of brilliance {unknown}
 A - 2 potions of might {unknown}
 B - 3 potions of haste {unknown}
 C - 6 potions of curing {unknown}


   Skills:
 - Level 2.6 Dodging
 + Level 13.0 Stealth
 + Level 8.6 Spellcasting
 + Level 1.6 Conjurations
 + Level 2.8 Hexes
 + Level 7.3 Summonings
 - Level 9.0 Ice Magic


You had 8 spell levels left.
You knew the following spells:

 Your Spells              Type           Power      Damage    Failure   Level
a - Freeze                Ice            100%       1d11      1%          1
b - Frozen Ramparts       Ice            100%       1d12      1%          3
c - Ozocubu's Armour      Ice            54%        N/A       1%          3
d - Ensorcelled Hibernat  Hex/Ice        80%        N/A       1%          2
e - Summon Small Mammal   Summ           100%       N/A       1%          1
f - Call Canine Familiar  Summ           47%        N/A       1%          3
g - Hailstorm             Conj/Ice       37%        3d9       6%          4

Your spell library contained the following spells:

 Spells                   Type           Power      Damage    Failure   Level
 Slow                     Hex            24%        N/A       2%          2
 Summon Guardian Golem    Hex/Summ       36%        N/A       2%          3
 Sandblast                Erth           20%        2d7       5%          1
 Confusing Touch          Hex            24%        N/A       5%          3
 Corpse Rot               Necr/Air       N/A        N/A       9%          2
 Passwall                 Tmut/Erth      8%         N/A       9%          2
 Stone Arrow              Conj/Erth      28%        3d8       12%         3
 Spider Form              Tmut/Pois      5%         N/A       17%         3
 Vampiric Draining        Necr           5%         2d6       17%         3
 Summon Mana Viper        Hex/Summ       36%        N/A       21%         5
 Summon Forest            Summ/Tloc      14%        N/A       34%         5
 Summon Cactus Giant      Summ           23%        N/A       41%         6
 Dispel Undead            Necr           10%        3d9       50%         4
 Death Channel            Necr           5%         N/A       100%        6


Dungeon Overview and Level Annotations

Branches:
Dungeon (10/15)            Temple (1/1) D:7            Lair (0/6) D:10
    Orc (0/2) D:9         Ossuary (visited)

Altars:
Ashenzari
Cheibriados
Dithmenos
Elyvilon
Fedhas
Gozag
Hepliaklqana
Kikubaaqudgha
Makhleb
Nemelex Xobeh
Okawaru
Qazlal
Ru
Sif Muna
Trog
Uskayaw
Vehumet
Wu Jian
Xom
Yredelemnul
Zin
The Shining One
Beogh


Innate Abilities, Weirdness & Mutations

You have sharp claws.
You have razor-sharp teeth.
You have supernaturally acute eyesight. (SInv)
You cover ground quickly. (Speed+)
You are covered in thick fur. (AC +2)
Your paws help you pounce on unaware monsters.
You are incapable of wielding weapons or throwing items.
You cannot wear armour.
You gain extra lives every three experience levels.


Message History

The yak is heavily wounded.
Your wolf barely misses the yak. x2
The yak is distracted by your dazzling golden aura.
The yak completely misses you.
Casting: Freeze (safe; 1% risk of failure)
Confirm with . or Enter, or press ? or * to list all spells.
The spell is quite dangerous to cast (6% risk of failure)!
Continue anyway?
Casting: Hailstorm (quite dangerous; 6% risk of failure)
Press: ? - help, Dir - look around, f - activate A cannonade of hail descends around you!
The hail pelts the yak!!
The yak is heavily wounded.
The yak bellows!
Your wolf bites the yak.
Your wolf bites the yak!
The yak is distracted by your dazzling golden aura.
Your icy armour will break if you move.
Continue?
Your icy armour cracks and falls away as you move.
Your wolf bites the yak but does no damage.
Your wolf bites the yak.
The yak dies!
Casting: Hailstorm (quite dangerous; 6% risk of failure)
Confirm with . or Enter, or press ? or * to list all spells.
A film of ice covers your body!
Your wolf barely misses the yak.
The yak gores you!
* * * LOW HITPOINT WARNING * * *
Casting: Ozocubu's Armour (safe; 1% risk of failure)
Confirm with . or Enter, or press ? or * to list all spells.
Casting: Frozen Ramparts (safe; 1% risk of failure)
Press: ? - help, Dir - look around, f - activate The walls around you are covered in ice.
Your wolf bites the yak.
The wall freezes the yak.
The yak gores you but does no damage.
Your wolf barely misses the yak.
You scratch the yak but do no damage.
The yak is severely wounded.
Your wolf bites the yak.
The wall freezes the yak!
The yak gores you!
You die...
Your wolf bites the yak but does no damage.
You are now level 9!
You rejoin the land of the living...
Are you sure you want to abandon this character and quit the game? (Confirm with "yes".)

####.....#.....# ...
#.......>#.....# ...
#........#..<..# ...
#........####### ...
#.............. ...
#.............. ...
#.........###########.
#.........#.........#
#....@....#.........#
#.........#.........#
#####.)...#.........#
#....(#)#.......#
#...(((.#.......+.
#.......#.......#.
#.....###.......+.
#.....#.........##
#.....#..........#


There were no monsters in sight!

Vanquished Creatures
  A fire dragon (D:9)
  A two-headed ogre (D:8)
  Pikel (D:4)
  An ugly thing (D:10)
  A cane toad (shapeshifter) (D:8)
  A yaktaur (D:10)
  Sigmund (D:3)
  A wyvern (D:8)
  A steam dragon (D:8)
  A water moccasin (D:7)
  4 orc warriors
  3 ice beasts
  An ogre (D:7)
  A phantom (D:5)
  3 centaurs
  3 kobold brigands
  Blork the orc (D:5)
  A bullfrog (D:6)
  9 scorpions
  A water moccasin zombie (D:6)
  A water moccasin skeleton (D:5)
  6 killer bees (D:9)
  A howler monkey (D:10)
  A bullfrog zombie (D:5)
  4 hounds
  4 jellies
  4 orc priests
  2 centaur skeletons
  2 iguanas (D:5)
  11 orc wizards
  6 scorpion zombies
  A killer bee zombie (D:7)
  2 hound skeletons
  3 mummies
  7 gnolls
  7 adders
  A shadow imp (D:7)
  A white imp (D:6)
  2 ufetubi
  3 worms
  6 dart slugs
  30 orcs
  8 ball pythons
  5 endoplasms
  9 giant cockroaches
  A gnoll zombie (Ossuary)
  4 hobgoblins
  3 jackals (D:2)
  6 quokkas
  8 bats
  5 frilled lizards
  A goblin (D:4)
  2 goblin zombies
  2 hobgoblin zombies
  21 kobolds
  3 orc zombies (Ossuary)
  4 rats
224 creatures vanquished.

Vanquished Creatures (collateral kills)
  A two-headed ogre (D:8)
  An unseen horror (D:10)
  Psyche (D:9)
  A wraith (D:10)
  A yak (D:10)
  A wyvern (D:8)
  An ice beast (D:7)
  2 howler monkeys (D:10)
  3 centaur zombies
  3 orc wizards
  2 scorpion zombies (Ossuary)
  A mummy (Ossuary)
  2 orcs (D:9)
  A gnoll zombie (Ossuary)
  3 goblin zombies (Ossuary)
  A hobgoblin zombie (Ossuary)
  2 kobolds (D:10)
  2 kobold zombies (Ossuary)
  An orc zombie (Ossuary)
30 creatures vanquished.

Vanquished Creatures (others)
  16 plants
16 creatures vanquished.

Grand Total: 270 creatures vanquished

Notes
Turn   | Place    | Note
-------+----------+-------------------------------------------
     0 | D:1      | mordus the Felid Ice Elementalist began the quest for the
                  | Orb.
     0 | D:1      | Reached XP level 1. HP: 7/7 MP: 4/4
   384 | D:1      | Found a faded altar of an unknown god.
   385 | D:1      | Noticed an eye of devastation
   386 | D:1      | Noticed a shining eye
   387 | D:1      | Noticed a golden eye
   387 | D:1      | Noticed a floating eye
   538 | D:1      | Reached skill level 3 in Stealth
   627 | D:1      | Reached XP level 2. HP: 11/11 MP: 0/6
  1258 | D:1      | Reached XP level 3. HP: 12/14 MP: 7/7
  2479 | D:2      | Reached XP level 4. HP: 18/18 MP: 3/8
  2496 | D:2      | Learned a level 3 spell: Frozen Ramparts
  2500 | D:2      | Learned a level 3 spell: Ozocubu's Armour
  2774 | D:2      | Upgraded the game from 0.28-a0-577-gb193047a1f to
                  | 0.28-a0-595-g9f6c0e134a
  2826 | D:2      | Reached skill level 4 in Stealth
  3703 | D:3      | Found a glowing golden altar of the Shining One.
  3724 | D:3      | Reached XP level 5. HP: 21/21 MP: 3/10
  4122 | D:3      | Reached skill level 5 in Ice Magic
  4162 | D:3      | Noticed Sigmund
  4530 | D:3      | Killed Sigmund
  4531 | D:3      | Reached skill level 5 in Stealth
  4531 | D:3      | Gained mutation: You are covered in thick fur. (AC +2)
                  | [Felid growth]
  4531 | D:3      | Reached XP level 6. HP: 16/24 MP: 3/12
  5420 | D:4      | Noticed Pikel
  5481 | D:4      | Killed Pikel
  5482 | D:4      | Reached skill level 6 in Stealth
  5482 | D:4      | Reached XP level 7. HP: 27/27 MP: 2/14
  5981 | D:5      | Entered Level 5 of the Dungeon
  5997 | D:5      | Reached skill level 7 in Stealth
  6012 | D:5      | Reached XP level 8. HP: 31/31 MP: 15/15
  6451 | D:5      | Noticed Blork the orc
  6616 | D:5      | Killed Blork the orc
  6617 | D:5      | Reached skill level 5 in Spellcasting
  6943 | D:5      | Reached skill level 8 in Stealth
  7163 | D:5      | Identified the +4 long sword of Isaco {pain, Str+7 Stlth-}
  7203 | D:5      | Learned a level 2 spell: Ensorcelled Hibernation
  7205 | D:5      | Learned a level 1 spell: Summon Small Mammal
  7226 | D:6      | Found a hide-covered altar of Uskayaw.
  7277 | D:6      | Found an ornate altar of the Wu Jian Council.
  7602 | D:6      | Reached skill level 1 in Summonings
  8383 | D:6      | Reached XP level 9. HP: 34/34 MP: 18/18
  9091 | D:7      | Found a staircase to the Ecumenical Temple.
  9100 | Temple   | Entered the Ecumenical Temple
  9125 | Temple   | Became a worshipper of Gozag Ym Sagoz the Greedy
  9285 | D:7      | Reached skill level 9 in Stealth
  9438 | D:7      | Found a radiant altar of Vehumet.
  9477 | D:7      | Found a shimmering altar of Xom.
  9477 | D:7      | Found a broken altar of Ashenzari.
  9543 | D:7      | Found a sand-covered staircase.
  9571 | D:7      | Learned a level 3 spell: Call Canine Familiar
  9604 | Ossuary  | Entered an ossuary
 10844 | D:7      | Reached skill level 10 in Stealth
 10851 | D:7      | Learned a level 4 spell: Hailstorm
 10950 | D:7      | Found a stormy altar of Qazlal.
 11051 | D:7      | Found a hazy altar of Hepliaklqana.
 11352 | D:8      | Noticed a two-headed ogre
 11376 | D:8      | Killed a two-headed ogre
 11377 | D:8      | Reached XP level 10. HP: 11/37 MP: 7/21
 11713 | D:8      | Reached skill level 11 in Stealth
 11713 | D:8      | Reached skill level 5 in Summonings
 12226 | D:8      | Noticed a two-headed ogre
 12233 | D:8      | Killed a two-headed ogre
 12703 | D:8      | Noticed a cane toad
 12709 | D:8      | Killed a cane toad
 13055 | D:9      | Noticed a fire dragon
 13090 | D:9      | Killed a fire dragon
 13091 | D:9      | Reached skill level 12 in Stealth
 13336 | D:9      | Found a staircase to the Orcish Mines.
 13692 | D:9      | Noticed Psyche
 13727 | D:9      | Killed Psyche
 14064 | D:9      | Found the +7 mace of Variability {chain chaos}
 14140 | D:10     | Entered Level 10 of the Dungeon
 14218 | D:10     | Found a staircase to the Lair.
 14421 | D:10     | Noticed a cyan ugly thing
 14770 | D:10     | Reached skill level 1 in Hexes
 14779 | D:10     | Reached XP level 11. HP: 38/40 MP: 2/24
 14959 | D:10     | Killed a cyan ugly thing
 14960 | D:10     | Reached skill level 1 in Conjurations
 15240 | D:10     | Upgraded the game from 0.28-a0-595-g9f6c0e134a to
                  | 0.28-a0-612-gcfc00ec14d
 15374 | D:10     | Shot with a bolt by a yaktaur
 15375 | D:10     | Reached XP level 10. HP: -26/37 MP: 23/23
 15450 | D:10     | Reached skill level 13 in Stealth
 15457 | D:10     | Slain by a yak
 15458 | D:10     | Reached XP level 9. HP: -5/34 MP: 4/22
 15458 | D:10     | Quit the game

Illustrated notes

Levels and vault maps discovered:
D:1:      tarquinn_simple_flora_water_e, layout_basic, serial_forest,
          infiniplex_forest_clump_small, infiniplex_forest_straight_2,
          infiniplex_forest_corner_2, infiniplex_forest_lined_3,
          infiniplex_forest_clump_long, infiniplex_forest_clump_small,
          infiniplex_forest_corner_1, hellmonk_ecumenical_altar_watching_god
D:2:      minmay_spotlight, layout_basic, hangedman_decor_push, hex_tiny
D:3:      minmay_diamond_boxcup, layout_rooms, nicolae_tso_carved_into_rock,
          serial_bayou_pond_e, uniq_sigmund
D:4:      layout_loops_ring, minmay_misc_feat_rows, serial_bayou_lagoon_a,
          uniq_pikel
D:5:      layout_loops_ring, hangedman_abyss_or_decor_stabs, uniq_blork_the_orc
D:6:      layout_basic, nicolae_wu_jian_wuxing_cycle,
          nicolae_overflow_hidden_temple, grunt_ministairs_11,
          nicolae_water_bricks
D:7:      layout_loops_ring, old_standard_altar, lemuel_doored_altar,
          nicolae_hepliaklqana_hippocampus, mainiacjoe_overflow_divided_tiny,
          minmay_temple_entry_junction, nicolae_ossuary_entry_giza
D:8:      layout_loops_ring, minmay_stone_trees_small, minmay_misc_feat_enclosed
D:9:      dragon1_lemuel, layout_cave_pools, minmay_orc_entry_temple_small,
          kennysheep_generic_room_13, uniq_psyche
D:10:     minmay_cornered_nines, layout_irregular_city, lair_entry_dummy
Temple:   zaba_magenta_temple

Skill      XL: |  1  2  3  4  5  6  7  8  9 10 11 |
---------------+----------------------------------+-----
Stealth        | 3 4 5 6 7 8 10 13 | 13.0
Ice Magic      | 4 5 7 8 9 |  9.0
Spellcasting   | 3 4 5 7 8 |  8.6
Summonings     | 1 4 7 |  7.3
Hexes          | 1 2 |  2.8
Conjurations   | 1 |  1.6
Dodging        | |  2.6

Action                   |  1- 3 |  4- 6 |  7- 9 | 10-12 || total
-------------------------+-------+-------+-------+-------++-------
Melee: Unarmed           |    36 |    29 |   400 |   107 ||   572
       Bite              |     2 |     4 |    50 |    14 ||    70
 Cast: Freeze            |    58 |    62 |    37 |    17 ||   174
       Ozocubu's Armour  |       |     9 |    34 |    24 ||    67
       Frozen Ramparts   |       |    10 |    20 |    20 ||    50
       Summon Small Mamm |       |       |    17 |     7 ||    24
       Call Canine Famil |       |       |    13 |    17 ||    30
       Hailstorm         |       |       |       |     2 ||     2
  Use: Scroll            |       |     4 |     4 |     4 ||    12
 Stab: Sleeping          |     3 |     6 |    22 |     8 ||    39
       Distracted        |       |       |     7 |     1 ||     8
Armor: Skin              |     2 |    24 |   125 |    43 ||   194
Dodge: Dodged            |    58 |    87 |   304 |   137 ||   586

Table legend: (Time is in decaauts)
 A = Elapsed time spent in this place.
 B = Non-inter-level travel time spent in this place.
 C = Inter-level travel time spent in this place.
 D = Time resting spent in this place.
 E = Time spent auto-exploring this place.
 F = Levels seen in this place.
 G = Mean time per level.
                   A        B        C        D        E       F      G
               +--------+--------+--------+--------+--------+-----+--------+
         Total |  13965 |  13791 |    174 |   4194 |   5839 |  12 | 1163.8 |
       Dungeon |  12732 |  12558 |    174 |   3534 |   5747 |  10 | 1273.2 |
        Temple |     78 |     78 |      0 |      0 |     30 |   1 |   78.0 |
       Ossuary |   1154 |   1154 |      0 |    660 |     61 |   1 | 1154.0 |
               +--------+--------+--------+--------+--------+-----+--------+

Top non-repeatable levels by time:
     D:6: 1553 daAuts
     D:1: 1532 daAuts
     D:2: 1467 daAuts
     D:8: 1337 daAuts
     D:3: 1224 daAuts
     D:5: 1163 daAuts
 Ossuary: 1154 daAuts
     D:9: 1153 daAuts
     D:4: 1129 daAuts
     D:7: 1117 daAuts
    D:10: 1055 daAuts
  Temple: 78 daAuts
